Map: Abyssal Reef LE

Players

axu

  • Race: Protoss Protoss
  • League: Platinum
  • Spawn Location: 11:00

Epsilon - Winner!

  • Race: Protoss Protoss
  • League: Platinum
  • Spawn Location: 5:00

VOD

Have the link to the VOD?

Description

Time

  • Played on: Jan. 12, 2018, 1:45 p.m.
  • Length: 2:23
Show
View Real Time Build Order
Export as new Build Order

axu Protoss 

Build Orders:  

Get SALT Encoding   

  12  0:02  Probe  
  13  0:14  Probe  
  14  0:22  Pylon  
  14  0:26  Probe  
  15  0:40  Probe  
  16  0:43  Gateway  
  16  0:52  Probe  
  17  0:58  Assimilator  
  17  1:14  Probe  
Show
View Real Time Build Order
Export as new Build Order

Epsilon Protoss - Winner!

Build Orders:  

Get SALT Encoding   

  12  0:10  Pylon  
  12  0:16  Probe (Chrono Boost)  
  13  0:26  Probe (Chrono Boost)  
  14  0:34  Forge  
  14  0:35  Probe  
  15  0:47  Probe  
  16  1:19  Pylon  
  16  1:20  Pylon  
  16  1:22  Pylon  
  16  1:25  Pylon  
  16  1:32  Gateway  
  16  1:33  Assimilator  
  16  1:39  Photon Cannon  
  16  1:44  Photon Cannon  
  16  1:51  Pylon  
  16  1:55  Probe (Chrono Boost)  
  17  2:06  Probe (Chrono Boost)  
  18  2:12  Probe (Chrono Boost)  
  19  2:23  Cybernetics Core  
Tags
 
Add a new tag
Caveats
  • Supply blocks, unpowered buildings, or Contaminate may cause inaccurate times.
  • Supply counts are checked every 10 seconds.